[Event "Elite Hotels Open 2023"]
[Site "Elite Stadshotellet, Kungsgatan 6, Vaxjo, Sweden"]
[Date "2023.02.10"]
[Round "1.1"]
[White "Jonsson, Per-Ola"]
[Black "Galperin, Platon"]
[Result "0-1"]
[TimeControl "15 minutes + 5 seconds per move from move one (Round 1 - 4) / 90 minutes + 30 seconds per move from move one (Round 5 - 8)"]
[BlackTitle "GM"]
[WhiteFideId "1750410"]
[BlackFideId "14165414"]
[WhiteElo "1842"]
[BlackElo "2538"]

1. Nf3 Nf6 2. c4 g6 3. Nc3 Bg7 4. g3 O-O 5. Bg2 d6 6. O-O Re8 7. d4 Bd7 8. Bg5 h6 9. Bxf6 Bxf6 10.
Qd2 Bg7 11. Rfe1 Qc8 12. e4 Bg4 13. e5 Nc6 14. exd6 Bxf3 15. Bxf3 Nxd4 16. Bg2 cxd6 17. b3 Rb8 18. Rac1 Qf5 19.
f4 Qa5 20. Ne4 Qxd2 21. Nxd2 Kf8 22. Nf3 Ne6 23. Rcd1 Nc5 24. f5 gxf5 25. Nd4 Bxd4+ 26. Rxd4 Red8 27. Red1 Ne6 28. Rd5 f4 29. Bh3 fxg3 30.
Bxe6 gxh2+ 31. Kxh2 fxe6 32. Rf1+ Kg7 33. Rd2 Rf8 34. Rg2+ Kh7 35. Re1 Rf6 36. Rge2 e5 37. c5 Rbf8 38. cxd6 exd6 39. Rc1 Rf2+ 40. Rxf2 Rxf2+ 41. Kg3 Rxa2 42.
Rc7+ Kg6 43. Rxb7 Kf5 44. Rh7 Ra3 0-1

[Event "Elite Hotels Open 2023"]
[Site "Elite Stadshotellet, Kungsgatan 6, Vaxjo, Sweden"]
[Date "2023.02.10"]
[Round "1.2"]
[White "Sivuk, Vitaly"]
[Black "Hedin, Niclas"]
[Result "1-0"]
[TimeControl "15 minutes + 5 seconds per move from move one (Round 1 - 4) / 90 minutes + 30 seconds per move from move one (Round 5 - 8)"]
[WhiteTitle "GM"]
[WhiteFideId "14116502"]
[BlackFideId "1720708"]
[WhiteElo "2530"]
[BlackElo "1833"]

1. d4 d5 2. c4 c6 3. Nf3 Nf6 4. Nc3 e6 5. Bg5 Nbd7 6. e3 Qa5 7. Nd2 Bb4 8. Qc2 O-O 9. a3 Bxc3 10.
Qxc3 Qxc3 11. bxc3 b6 12. a4 Bb7 13. a5 c5 14. f3 Rfe8 15. cxd5 exd5 16. Bb5 Re6 17.
Kf2 h6 18. Bf4 a6 19. Bd3 c4 20. Bf5 Ree8 21. axb6 Nf8 22. g4 Ne6 23. Bg3 g6 24. Bc2 h5 25. h3 hxg4 26. hxg4 Kg7 27.
Be5 Rh8 28. f4 g5 29. Nf3 1-0

[Event "Elite Hotels Open 2023"]
[Site "Elite Stadshotellet, Kungsgatan 6, Vaxjo, Sweden"]
[Date "2023.02.10"]
[Round "1.3"]
[White "Soderberg, Kevin"]
[Black "Abdrlauf, Elham"]
[Result "0-1"]
[TimeControl "15 minutes + 5 seconds per move from move one (Round 1 - 4) / 90 minutes + 30 seconds per move from move one (Round 5 - 8)"]
[BlackTitle "IM"]
[WhiteFideId "1719726"]
[BlackFideId "1533533"]
[WhiteElo "1832"]
[BlackElo "2527"]

1. c4 e6 2. Nf3 d5 3. d4 Nf6 4. g3 dxc4 5. Bg2 Nc6 6.
O-O Rb8 7. a4 a6 8. e3 Be7 9. Nbd2 b5 10. Ne5 Nxe5 11. dxe5 Nd7 12. Nf3 O-O 13. Qc2 Bb7 14. Nd4 Bxg2 15.
Kxg2 Nxe5 16. Rd1 Nd3 17. b3 Qd5+ 18. Kg1 Bf6 19. Bb2 Nxb2 20. Qxb2 c5 0-1

[Event "Elite Hotels Open 2023"]
[Site "Elite Stadshotellet, Kungsgatan 6, Vaxjo, Sweden"]
[Date "2023.02.10"]
[Round "1.4"]
[White "Hillarp, Tiger"]
[Black "Malm, Simon"]
[Result "1-0"]
[TimeControl "15 minutes + 5 seconds per move from move one (Round 1 - 4) / 90 minutes + 30 seconds per move from move one (Round 5 - 8)"]
[WhiteTitle "GM"]
[WhiteFideId "1700812"]
[BlackFideId "1759825"]
[WhiteElo "2511"]
[BlackElo "1832"]

1. Nf3 Nf6 2. c4 e6 3. g3 d5 4. Bg2 c6 5. b3 Be7 6. O-O O-O 7. Bb2 Nbd7 8. e3 b6 9. Nc3 Ba6 10.
d3 Rc8 11. Qe2 Re8 12. Rfd1 c5 13. e4 d4 14. Nb5 Bxb5 15. cxb5 e5 16. Nd2 Bd6 17. Nc4 Bb8 18. Bh3 Qe7 19.
a4 Rcd8 20. Bc1 Nf8 21. a5 bxa5 22. Rxa5 Qb7 23. Qa2 Ne6 24. Bd2 Nd7 25. Ra1 Re7 26. b4 Nb6 27. Bxe6 Rxe6 28. bxc5 Nxc4 29.
Qxc4 h6 30. Ra6 Re7 31. c6 Qc8 32. Bb4 Re6 33. Ba5 Rdd6 34. c7 Rxa6 35. bxa6 Bxc7 36. Bxc7 Qd7 37. Rc1 Qe7 38. Qc5 Qg5 39.
h4 Qd2 40. Qc2 Qb4 41. Kg2 Rxa6 42. Bxe5 Re6 43. Bf4 a5 44. Qc4 Qb2 45. Rc2 Qb1 46. Ra2 Rc6 47. Qxc6 Qxa2 48. Be5 Qb3 49. Qc4 Qxc4 50. dxc4 d3 51.
Kf1 1-0

[Event "Elite Hotels Open 2023"]
[Site "Elite Stadshotellet, Kungsgatan 6, Vaxjo, Sweden"]
[Date "2023.02.10"]
[Round "1.5"]
[White "Olsson, Thomas"]
[Black "Blomqvist, Erik"]
[Result "0-1"]
[TimeControl "15 minutes + 5 seconds per move from move one (Round 1 - 4) / 90 minutes + 30 seconds per move from move one (Round 5 - 8)"]
[BlackTitle "GM"]
[WhiteFideId "1702696"]
[BlackFideId "1709437"]
[WhiteElo "1830"]
[BlackElo "2510"]

1. e4 c5 2. Nf3 e6 3. d4 cxd4 4. Nxd4 Nc6 5. Nc3 Qc7 6. Be2 Nf6 7. O-O Be7 8. Kh1 O-O 9. f4 d6 10.
Be3 Nxd4 11. Bxd4 e5 12. Be3 a6 13. a4 exf4 14. Bxf4 Be6 15. Bf3 Rac8 16. Rf2 Qb6 17. Rd2 Qxb2 18.
Nd5 Nxd5 19. exd5 Bf5 20. Rb1 Qa3 21. Rxb7 Rfe8 22. Re2 Qxa4 23. Bg3 Bf8 24. h3 Bxc2 25. Qe1 Bd3 26. Rxe8 Rxe8 27.
Qc3 Qc4 28. Qa5 g6 29. Rd7 Bh6 30. Rd8 Qb5 31. Qc7 Bg5 32. Rd7 Be3 33. Kh2 Qb1 34. Bxd6 Qg1+ 35. Kg3 Qe1+ 36. Kg4 h5# 0-1

[Event "Elite Hotels Open 2023"]
[Site "Elite Stadshotellet, Kungsgatan 6, Vaxjo, Sweden"]
[Date "2023.02.10"]
[Round "1.6"]
[White "Kucuksari, Kaan"]
[Black "Pinheiro Diamant, Jonatan"]
[Result "1-0"]
[TimeControl "15 minutes + 5 seconds per move from move one (Round 1 - 4) / 90 minutes + 30 seconds per move from move one (Round 5 - 8)"]
[WhiteTitle "IM"]
[WhiteFideId "6380166"]
[BlackFideId "1734628"]
[WhiteElo "2507"]
[BlackElo "1821"]

1. d4 Nf6 2. Bg5 d5 3. Bxf6 gxf6 4.
Nf3 e6 5. e3 c5 6. c4 Nc6 7. cxd5 Qxd5 8. Nc3 Qd8 9. d5 Ne5 10. Nxe5 fxe5 11. Bb5+ Ke7 12. O-O a6 13. Bc4 b5 14.
Be2 Bb7 15. Bf3 Rb8 16. Rc1 f5 17. e4 b4 18. Na4 exd5 19. exd5 e4 20. Nxc5 Qxd5 21. Qa4 Bh6 22. Rfd1 Qc6 23.
Rd7+ Kf6 24. Nxe4+ 1-0

[Event "Elite Hotels Open 2023"]
[Site "Elite Stadshotellet, Kungsgatan 6, Vaxjo, Sweden"]
[Date "2023.02.10"]
[Round "1.7"]
[White "Kvarby, Anders"]
[Black "Hector, Jonny"]
[Result "0-1"]
[TimeControl "15 minutes + 5 seconds per move from move one (Round 1 - 4) / 90 minutes + 30 seconds per move from move one (Round 5 - 8)"]
[BlackTitle "GM"]
[WhiteFideId "1746596"]
[BlackFideId "1700090"]
[WhiteElo "1811"]
[BlackElo "2466"]

1. d4 d5 2. Bf4 c5 3. e3 Nc6 4.
Nf3 Nf6 5. Nbd2 cxd4 6. exd4 Bf5 7. Bb5 Rc8 8. O-O a6 9. Bxc6+ Rxc6 10. c3 e6 11. Ne5 Rc8 12. Qa4+ Nd7 13. Rfe1 f6 14. Nxd7 Qxd7 15. Qxd7+ Kxd7 16. f3 g5 17. Bg3 h5 18. h4 Rg8 19. hxg5 Rxg5 20. Bh4 Rg6 21. Nf1 Bh6 22. Ne3 Rcg8 23.
g3 Bf4 24. Nf1 Bd3 25. Kf2 Bg5 26. Ne3 Bh6 27. Rad1 Bb5 28. b3 a5 29. c4 Bxe3+ 30. Kxe3 dxc4 31. d5 e5 32. Rc1 cxb3 33.
axb3 Kd6 34. Ke4 Bd7 35. Red1 f5+ 36. Ke3 Rxg3 37. Bxg3 Rxg3 38. Kf2 f4 39. Ra1 b6 40. Rh1 Rg5 41.
Rad1 Bf5 42. Rd2 e4 43. fxe4 Bxe4 44. Rh2 Bxd5 45. Rh4 f3 46. Rhd4 Kc5 47. R4d3 Rg2+ 48. Ke1 Rxd2 49. Kxd2 h4 0-1

[Event "Elite Hotels Open 2023"]
[Site "Elite Stadshotellet, Kungsgatan 6, Vaxjo, Sweden"]
[Date "2023.02.10"]
[Round "1.8"]
[White "Jepson, Christian"]
[Black "Frank, Anton"]
[Result "1-0"]
[TimeControl "15 minutes + 5 seconds per move from move one (Round 1 - 4) / 90 minutes + 30 seconds per move from move one (Round 5 - 8)"]
[WhiteTitle "IM"]
[WhiteFideId "1701185"]
[BlackFideId "1752383"]
[WhiteElo "2395"]
[BlackElo "1807"]

1. d4 Nf6 2. c4 g6 3. Nc3 Bg7 4. e4 d6 5. Be2 O-O 6. f4 c5 7. d5 e6 8. Nf3 exd5 9. cxd5 b5 10.
e5 dxe5 11. fxe5 Ng4 12. Bg5 Qa5 13. O-O Nxe5 14. Bxb5 Nbd7 15. Nxe5 Nxe5 16. Be7 Bg4 17. Qa4 Qxa4 18. Bxa4 Rfb8 19. Ne4 Rxb2 20. Nf6+ Kh8 21.
Rae1 Nd3 22. Nxg4 Nxe1 23. Rxe1 Rxa2 24. Bc6 Rc8 25.
Bxc5 Rc2 26. Bxa7 R2xc6 27. dxc6 Bc3 28. Rc1 Rxc6 29.
Rxc3 1-0

[Event "Elite Hotels Open 2023"]
[Site "Elite Stadshotellet, Kungsgatan 6, Vaxjo, Sweden"]
[Date "2023.02.10"]
[Round "1.9"]
[White "Karavidas, Georg"]
[Black "Trost, Edvin"]
[Result "0-1"]
[TimeControl "15 minutes + 5 seconds per move from move one (Round 1 - 4) / 90 minutes + 30 seconds per move from move one (Round 5 - 8)"]
[BlackTitle "FM"]
[WhiteFideId "1766805"]
[BlackFideId "1729519"]
[WhiteElo "1803"]
[BlackElo "2364"]

1. e4 g6 2. d4 Bg7 3. Nc3 d6 4.
h3 Nf6 5. Nf3 O-O 6. Be3 a6 7. a4 Nc6 8. Bc4 Nd7 9. a5 h6 10. O-O e5 11. Qd2 Kh7 12. Rfd1 f5 13. dxe5 Ndxe5 14. Nxe5 Nxe5 15. Bb3 Qh4 16. exf5 Bxf5 17. Ra4 Qd8 18. Kf1 Bd7 19. Rb4 Nc6 20. Ra4 Rf5 21. Bd5 Ne7 22. Be4 Bxa4 23.
Bxf5 Nxf5 24. Nxa4 Qh4 25. Qe2 Qxa4 26. Qf3 Rf8 27. Qxb7 Nxe3+ 0-1

[Event "Elite Hotels Open 2023"]
[Site "Elite Stadshotellet, Kungsgatan 6, Vaxjo, Sweden"]
[Date "2023.02.10"]
[Round "1.10"]
[White "Golubka, Petro"]
[Black "Ramirez Leyva, Freddy"]
[Result "1-0"]
[TimeControl "15 minutes + 5 seconds per move from move one (Round 1 - 4) / 90 minutes + 30 seconds per move from move one (Round 5 - 8)"]
[WhiteTitle "GM"]
[WhiteFideId "14114224"]
[BlackFideId "5106028"]
[WhiteElo "2363"]
[BlackElo "1786"]

1. e4 e5 2. Nf3 Nc6 3. d4 exd4 4.
Nxd4 Bb4+ 5. c3 Bc5 6. Be3 Bb6 7. Nf5 Bxe3 8. Nxe3 Nf6 9. f3 d6 10. c4 O-O 11. Nc3 Re8 12. Qd2 Be6 13.
Be2 Qe7 14. O-O Rad8 15. Rae1 Ne5 16. f4 Neg4 17. Nc2 h5 18. b3 Bd7 19. Bf3 c6 20. h3 Nh6 21. Qf2 b6 22. e5 Nh7 23.
Bxh5 g6 24. Bf3 Nf5 25. a4 dxe5 26. Rxe5 Qd6 27. Rd1 Qc7 28. Qe1 Be6 29. Rxd8 Rxd8 30. Qe2 Nd4 31. Nxd4 Rxd4 32. Qe3 Rd8 33. Ne4 Qd7 34. Nf2 Nf8 35. Bg4 c5 36. Qg3 Qd4 37. h4 Qa1+ 38. Kh2 Rd2 39. Ne4 Rd1 40.
Bxd1 Qxd1 41. h5 Qd8 42. hxg6 fxg6 43. f5 Bf7 44. f6 Qd4 1-0

[Event "Elite Hotels Open 2023"]
[Site "Elite Stadshotellet, Kungsgatan 6, Vaxjo, Sweden"]
[Date "2023.02.10"]
[Round "1.11"]
[White "Gerdes, Sebastian"]
[Black "Lindberg, Bengt"]
[Result "1/2-1/2"]
[TimeControl "15 minutes + 5 seconds per move from move one (Round 1 - 4) / 90 minutes + 30 seconds per move from move one (Round 5 - 8)"]
[BlackTitle "IM"]
[WhiteFideId "1745697"]
[BlackFideId "1700359"]
[WhiteElo "1782"]
[BlackElo "2354"]

1. c4 Nf6 2. Nc3 c5 3. g3 e6 4. Bg2 d5 5. cxd5 exd5 6. d4 cxd4 7. Qxd4 Nc6 8. Qa4 d4 9. Ne4 Nxe4 10.
Bxe4 Bb4+ 11. Kf1 Qb6 12. a3 Be7 13. Kg2 O-O 14. Nf3 Bf6 15. Qc2 h6 16. Bf4 Be6 17. Bd6 Rfc8 18. Qd2 Rd8 19.
Bf4 Bd5 20. Bxd5 Rxd5 21. b4 Rad8 22. Rac1 g5 23. e4 dxe3 24.
Bxe3 Rxd2 25. Bxb6 axb6 26. Nxd2 Rxd2 27.
b5 Nd4 28. Rhd1 Ra2 29. Rc4 Nxb5 30. a4 Nc3 31. Rd6 Nd5 32. Rxd5 Be7 33. a5 Bc5 34. Rdxc5 1/2-1/2

[Event "Elite Hotels Open 2023"]
[Site "Elite Stadshotellet, Kungsgatan 6, Vaxjo, Sweden"]
[Date "2023.02.10"]
[Round "1.12"]
[White "Poley, Vladimir"]
[Black "Ohlsson, Mikael"]
[Result "1-0"]
[TimeControl "15 minutes + 5 seconds per move from move one (Round 1 - 4) / 90 minutes + 30 seconds per move from move one (Round 5 - 8)"]
[WhiteTitle "IM"]
[WhiteFideId "13500090"]
[BlackFideId "1719700"]
[WhiteElo "2325"]
[BlackElo "1779"]

1. Nf3 c5 2. g3 Nc6 3. Bg2 b6 4. O-O Bb7 5. c4 Nf6 6. b3 e6 7. Bb2 Be7 8. Re1 O-O 9. e4 d6 10.
d4 cxd4 11. Nxd4 Qc7 12. Nc3 Nxd4 13. Qxd4 Rad8 14. Rad1 a6 15. g4 Qc5 16. Qxc5 dxc5 17. e5 Bxg2 18. exf6 Rxd1 19. Rxd1 Bf3 20.
fxe7 Re8 21. Rd8 1-0

[Event "Elite Hotels Open 2023"]
[Site "Elite Stadshotellet, Kungsgatan 6, Vaxjo, Sweden"]
[Date "2023.02.10"]
[Round "1.13"]
[White "Karlsson, Stefan"]
[Black "Bellon Lopez, Juan Manuel"]
[Result "0-1"]
[TimeControl "15 minutes + 5 seconds per move from move one (Round 1 - 4) / 90 minutes + 30 seconds per move from move one (Round 5 - 8)"]
[BlackTitle "GM"]
[WhiteFideId "1771183"]
[BlackFideId "2200031"]
[WhiteElo "1778"]
[BlackElo "2303"]

1. e4 c5 2. Nf3 e6 3. c3 Nf6 4. e5 Nd5 5. Bc4 d6 6. d4 dxe5 7. dxe5 Be7 8. O-O O-O 9. Nbd2 Nb6 10.
Bb3 Bd7 11. Qe2 Bc6 12. Rd1 Qc7 13. Ne4 N8d7 14. Bf4 Rad8 15. Nd6 Nc8 16. Ne4 Ndb6 17. c4 Rxd1+ 18. Rxd1 Rd8 19. Nfg5 h6 20.
Nf3 Rxd1+ 21. Bxd1 Nd7 22. Bc2 Nf8 23. Ng3 Qa5 24. b3 Qc3 25. Ne4 Qa1+ 26. Ne1 Ng6 27.
Bg3 Qd4 28. Nf3 Qa1+ 29. Ne1 Qxa2 30. Qd3 Qa1 31. f4 Nxf4 32. Nf6+ Kf8 33. Nd7+ Ke8 34. Qd2 Bxd7 35. Bxf4 Bg5 36. Bxg5 hxg5 37. Kf2 Qxe5 38. Nf3 Qf4 39.
Qe2 Bc6 40. g3 Qxf3+ 41. Qxf3 Bxf3 42. Kxf3 Nd6 43. Kg4 f6 44.
Kh5 Kf7 45. Bg6+ Kg8 46. Bd3 Nf5 47. Bc2 Nd4 48. Bd1 Kf7 49. Kg4 Kg6 50. Kh3 f5 51. Kg2 g4 52. Kf2 Kf6 53. Ke3 Ke5 0-1

[Event "Elite Hotels Open 2023"]
[Site "Elite Stadshotellet, Kungsgatan 6, Vaxjo, Sweden"]
[Date "2023.02.10"]
[Round "1.14"]
[White "Falkevall, Axel"]
[Black "Garner, Marten"]
[Result "1-0"]
[TimeControl "15 minutes + 5 seconds per move from move one (Round 1 - 4) / 90 minutes + 30 seconds per move from move one (Round 5 - 8)"]
[WhiteTitle "FM"]
[WhiteFideId "1735560"]
[BlackFideId "1712136"]
[WhiteElo "2299"]
[BlackElo "1777"]

1. d4 d5 2. c4 e6 3. Nf3 Nf6 4. g3 c6 5. Bg2 dxc4 6. O-O Nbd7 7. a4 Bd6 8. Nbd2 O-O 9. Nxc4 Bc7 10. Qc2 Re8 11. Rd1 Qe7 12.
b3 b6 13. Ba3 c5 14. Ng5 Rb8 15. d5 h6 16. d6 Bxd6 17. Nxd6 hxg5 18. Nxe8 Qxe8 19. Bb2 Ba6 20. Qd2 e5 21.
Qxg5 Qe6 22. Qe3 Re8 23. h3 e4 24. a5 Nd5 25. Qg5 N7f6 26. axb6 Bxe2 27. Re1 Bd3 28. bxa7 Ra8 29. Rad1 Qb6 30. Rxd3 exd3 31. Bxd5 Rxa7 32. Bxf6 Qxf6 33. Re8+ Kh7 34.
Be4+ 1-0

[Event "Elite Hotels Open 2023"]
[Site "Elite Stadshotellet, Kungsgatan 6, Vaxjo, Sweden"]
[Date "2023.02.10"]
[Round "1.15"]
[White "Ottosson, Bjorn"]
[Black "Ernst, Thomas"]
[Result "0-1"]
[TimeControl "15 minutes + 5 seconds per move from move one (Round 1 - 4) / 90 minutes + 30 seconds per move from move one (Round 5 - 8)"]
[BlackTitle "GM"]
[WhiteFideId "1721402"]
[BlackFideId "1700065"]
[WhiteElo "1773"]
[BlackElo "2286"]

1. c4 c5 2. Nc3 Nf6 3. Nf3 d5 4. cxd5 Nxd5 5. e4 Nb4 6. d3 Bg4 7. Be2 Bxf3 8. gxf3 e6 9. Bf4 Bd6 10.
Bg3 N4c6 11. f4 Nd4 12. e5 Be7 13. Bf3 Nxf3+ 14. Qxf3 Nc6 15. f5 Nd4 16. Qxb7 Nc2+ 17. Kd2 Nxa1 18.
Qc6+ Kf8 19. Rxa1 exf5 20. Kc2 g6 21. e6 Rc8 22. Qf3 fxe6 23. Re1 Kf7 24. Kb1 Re8 25. Ne4 Kg8 26. Nc3 Bf6 27.
Be5 Bxe5 28. Rxe5 Qd4 29. Qe2 c4 30. dxc4 Qxc4 31. Qe3 Rc6 32. a3 Rb8 33. Ka1 Rcb6 34. Qe2 Qb3 35. Nd1 Rc6 36.
Qd2 Rbc8 37. Nc3 Rxc3 38. bxc3 Qxa3+ 39. Kb1 Rb8+ 0-1

[Event "Elite Hotels Open 2023"]
[Site "Elite Stadshotellet, Kungsgatan 6, Vaxjo, Sweden"]
[Date "2023.02.10"]
[Round "1.16"]
[White "Wagner, Stephan"]
[Black "Nyberg, Peter"]
[Result "1-0"]
[TimeControl "15 minutes + 5 seconds per move from move one (Round 1 - 4) / 90 minutes + 30 seconds per move from move one (Round 5 - 8)"]
[WhiteFideId "1613251"]
[BlackFideId "1771779"]
[WhiteElo "2264"]
[BlackElo "1771"]

1. c4 c6 2. Nf3 d5 3.
e3 Nf6 4. b3 g6 5. Bb2 Bg7 6. Nc3 Bg4 7. h3 Bxf3 8. Qxf3 O-O 9. d4 Qa5 10. Bd3 Nbd7 11. O-O e5 12. Qd1 e4 13. Be2 Rfe8 14. a3 Nf8 15.
b4 Qd8 16. b5 Ne6 17. Qa4 cxb5 18. Qxb5 Nc7 19. Qb3 Re6 20. cxd5 Ncxd5 21. Nxd5 Nxd5 22. Bc4 Rd6 23. a4 Rb6 24.
Qa2 Nb4 25. Qb1 Rc8 26. Rc1 Rbc6 27. Bb5 Rc2 28. Rxc2 Nxc2 29. Ra2 Bf8 30. Bc1 Qc7 31. Bd2 a6 32. Bf1 Qc6 33. a5 Bd6 34.
Rb2 Rc7 35. Rb6 Qd7 36. Qb3 Na3 37. Qd5 Rc6 38. Qxe4 Rxb6 39. axb6 Nb5 40. Be2 Kg7 41. Bf3 1-0

[Event "Elite Hotels Open 2023"]
[Site "Elite Stadshotellet, Kungsgatan 6, Vaxjo, Sweden"]
[Date "2023.02.10"]
[Round "1.17"]
[White "Spang, Magnus"]
[Black "Krantz, Christopher"]
[Result "0-1"]
[TimeControl "15 minutes + 5 seconds per move from move one (Round 1 - 4) / 90 minutes + 30 seconds per move from move one (Round 5 - 8)"]
[WhiteFideId "1755846"]
[BlackFideId "1707876"]
[WhiteElo "1766"]
[BlackElo "2262"]

1. e4 g6 2. d4 Bg7 3. Nf3 d6 4. Be3 Nf6 5. Nbd2 O-O 6. h3 Nc6 7. c3 e5 8. Qc2 Re8 9. Bc4 d5 10.
dxe5 Nxe5 11. Nxe5 Rxe5 12. O-O-O c6 13. Bd4 Re8 14. exd5 cxd5 15. Bb5 Bd7 16. Qb3 a6 17. Bxd7 Qxd7 18.
Nf3 b5 19. Bxf6 Bxf6 20. Qxd5 Qa7 21. Nd4 b4 22. Nc6 Qxf2 23. Nxb4 a5 24. Nd3 Qe3+ 25. Kb1 Rad8 26. Qf3 Qb6 27. Rhf1 Bxc3 28. Qxf7+ Kh8 29. Qb3 Qxb3 30.
axb3 Bd4 31. Nf4 Re4 32. Rde1 Be3 33. Ne2 Bd2 0-1

[Event "Elite Hotels Open 2023"]
[Site "Elite Stadshotellet, Kungsgatan 6, Vaxjo, Sweden"]
[Date "2023.02.10"]
[Round "1.18"]
[White "Johansson, Gunnar"]
[Black "Mollerstrom, Fredrik"]
[Result "1-0"]
[TimeControl "15 minutes + 5 seconds per move from move one (Round 1 - 4) / 90 minutes + 30 seconds per move from move one (Round 5 - 8)"]
[WhiteFideId "1703501"]
[BlackFideId "1721380"]
[WhiteElo "2260"]
[BlackElo "1765"]

1. d4 d5 2. c4 e6 3. Nc3 Nf6 4. Nf3 Be7 5. Bf4 O-O 6. e3 a6 7. Qc2 dxc4 8. Bxc4 b5 9. Bd3 Bb7 10. O-O Bxf3 11. gxf3 c5 12.
dxc5 Bxc5 13. Ne4 Be7 14. Nxf6+ Bxf6 15. Bxh7+ Kh8 16. Be4 Ra7 17. Qc5 Rd7 18.
Qh5+ 1-0

[Event "Elite Hotels Open 2023"]
[Site "Elite Stadshotellet, Kungsgatan 6, Vaxjo, Sweden"]
[Date "2023.02.10"]
[Round "2.1"]
[White "Galperin, Platon"]
[Black "Mattsson, Michael"]
[Result "1-0"]
[TimeControl "15 minutes + 5 seconds per move from move one (Round 1 - 4) / 90 minutes + 30 seconds per move from move one (Round 5 - 8)"]
[WhiteTitle "GM"]
[WhiteFideId "14165414"]
[BlackFideId "1708961"]
[WhiteElo "2538"]
[BlackElo "2048"]

1. d4 Nf6 2. c4 e6 3. Nf3 b6 4. g3 Ba6 5. Nbd2 d5 6. Bg2 c6 7. Qc2 Be7 8. O-O O-O 9. Ne5 Nfd7 10.
Nd3 Re8 11. e4 Nf8 12. Rd1 dxc4 13. Nxc4 Qxd4 14. Nde5 Qc5 15. Be3 Qb5 16. a4 Qb4 17. Bd2 Qc5 18. b4 Qd4 19. Be1 Qxa1 20.
Rxa1 f6 21. Nd3 e5 22. Qb3 Kh8 23. Ncxe5 fxe5 24. Nxe5 h6 25. Nf7+ Kh7 26. e5 g6 27. Nd6 1-0

[Event "Elite Hotels Open 2023"]
[Site "Elite Stadshotellet, Kungsgatan 6, Vaxjo, Sweden"]
[Date "2023.02.10"]
[Round "2.2"]
[White "Goransson, Martin"]
[Black "Sivuk, Vitaly"]
[Result "0-1"]
[TimeControl "15 minutes + 5 seconds per move from move one (Round 1 - 4) / 90 minutes + 30 seconds per move from move one (Round 5 - 8)"]
[BlackTitle "GM"]
[WhiteFideId "1717286"]
[BlackFideId "14116502"]
[WhiteElo "2049"]
[BlackElo "2530"]

1. e4 c5 2. Nf3 d6 3. Bb5+ Nd7 4.
Ba4 Ngf6 5. O-O a6 6. c4 e5 7. Nc3 Be7 8. d3 O-O 9. a3 Nb6 10. Bc2 Bg4 11. Ne2 Bxf3 12. gxf3 Nh5 13. f4 exf4 14. Nxf4 Nxf4 15.
Bxf4 Bf6 16. Rb1 Be5 17. Bg3 Nd7 18. f4 Bd4+ 19. Kh1 b5 20. b4 Rb8 21. cxb5 axb5 22. Qg4 Ra8 23. bxc5 Nxc5 24.
Rxb5 Rxa3 25. Bh4 Bf6 26. Rg1 g6 27. Bxf6 Qxf6 28. e5 Qe6 29. Qxe6 Nxe6 30.
f5 Nd4 31. Rb2 dxe5 32. Bb1 Nxf5 33. Rb7 Nd4 34. Rf1 Ra1 35. Kg2 Ne6 36. Re1 Nf4+ 37. Kg3 Nxd3 38. Re3 Nc5 39. Rb5 Rc8 40.
Rxe5 Ra3+ 41. Kh4 Ne6 42. Rb4 Rcc3 0-1

[Event "Elite Hotels Open 2023"]
[Site "Elite Stadshotellet, Kungsgatan 6, Vaxjo, Sweden"]
[Date "2023.02.10"]
[Round "2.3"]
[White "Abdrlauf, Elham"]
[Black "Mashhadi, Peyman"]
[Result "1-0"]
[TimeControl "15 minutes + 5 seconds per move from move one (Round 1 - 4) / 90 minutes + 30 seconds per move from move one (Round 5 - 8)"]
[WhiteTitle "IM"]
[WhiteFideId "1533533"]
[BlackFideId "1768581"]
[WhiteElo "2527"]
[BlackElo "2018"]

1. e4 e6 2. d4 d5 3. Nc3 Nf6 4.
Bg5 Be7 5. e5 Nfd7 6. h4 a6 7. Qg4 g6 8. Nf3 h6 9. Bxe7 Qxe7 10. O-O-O c5 11. dxc5 Nc6 12. Qf4 Nxc5 13. Bd3 b5 14.
Ne2 Bb7 15. Kb1 Na5 16. Ned4 Nc4 17. Bxc4 bxc4 18. Qe3 Rb8 19. Ka1 Ne4 20. Nd2 Nc5 21. Rb1 Na4 22. b3 Nc5 23. bxc4 O-O 24.
Qxh6 Ne4 25. Nxe4 dxe4 26. h5 g5 27. Qf6 Qxf6 28. exf6 Rfd8 29. c3 e3 30. fxe3 Be4 31. Rxb8 Rxb8 32. c5 a5 33. a4 e5 34.
Nb5 Bc6 35. h6 Kh7 36. Rd1 Bxb5 37. Rb1 Rb6 38. cxb6 1-0

[Event "Elite Hotels Open 2023"]
[Site "Elite Stadshotellet, Kungsgatan 6, Vaxjo, Sweden"]
[Date "2023.02.10"]
[Round "2.4"]
[White "Bouaziz, Nejib"]
[Black "Hillarp, Tiger"]
[Result "0-1"]
[TimeControl "15 minutes + 5 seconds per move from move one (Round 1 - 4) / 90 minutes + 30 seconds per move from move one (Round 5 - 8)"]
[BlackTitle "GM"]
[WhiteFideId "1704915"]
[BlackFideId "1700812"]
[WhiteElo "2046"]
[BlackElo "2511"]

1. e4 g6 2. Nf3 Bg7 3. Bc4 e6 4. O-O Ne7 5. Nc3 O-O 6. d4 d5 7. Be2 h6 8. Re1 b6 9. a4 Bb7 10.
Bf1 dxe4 11. Nxe4 c5 12.
c3 Nf5 13. Ng3 cxd4 14. Nxf5 gxf5 15. cxd4 Nd7 16. Bf4 Nf6 17. Rc1 Nd5 18. Qd2 Kh7 19. Ne5 Qe7 20. Nc6 Qf6 21. Be5 Qg6 22. Bxg7 Qxg7 23. Nb4 Nxb4 24.
Qxb4 Bxg2 25. Rc3 Bf3+ 0-1

[Event "Elite Hotels Open 2023"]
[Site "Elite Stadshotellet, Kungsgatan 6, Vaxjo, Sweden"]
[Date "2023.02.10"]
[Round "2.5"]
[White "Blomqvist, Erik"]
[Black "Arvidsson, Erik"]
[Result "1-0"]
[TimeControl "15 minutes + 5 seconds per move from move one (Round 1 - 4) / 90 minutes + 30 seconds per move from move one (Round 5 - 8)"]
[WhiteTitle "GM"]
[WhiteFideId "1709437"]
[BlackFideId "1718045"]
[WhiteElo "2510"]
[BlackElo "2002"]

1. d4 d5 2. Bf4 Nf6 3. e3 c5 4. Nf3 Bg4 5. Nbd2 e6 6. h3 Bh5 7. c3 Nbd7 8. g4 Bg6 9. Nh4 Be4 10.
f3 Bg6 11. Nxg6 hxg6 12. Bd3 Rc8 13. Kf2 Be7 14. Kg2 cxd4 15. exd4 Nb6 16. Qe2 Kf8 17. h4 Bd6 18. Bg5 Qd7 19.
h5 gxh5 20. gxh5 Nxh5 21. f4 g6 22. Nf3 Qc7 23. Ne5 Kg7 24. Nxg6 fxg6 25. Qxe6 Qf7 26. Qxd6 Rhe8 27. f5 Rc6 28.
Qh2 Nc4 29. Rae1 Rxe1 30. Rxe1 Nf6 31. fxg6 Qd7 32. Bxf6+ Kxf6 33. Qh4+ 1-0